 Dungeon Crawl Stone Soup version 0.29-a0-451-gfbfa42419e (webtiles) character file.

Game seed: 14250932383163037047

120 PartyFoul the Shield-Bearer (level 4, 0/35 HPs)
             Began as a Demonspawn Fighter on May 19, 2022.
             Killed from afar by an orc wizard (3 damage)
             ... with a magic dart
             ... on level 3 of the Dungeon.
             The game lasted 00:03:07 (2703 turns).

PartyFoul the Shield-Bearer (Demonspawn Fighter)    Turns: 2703, Time: 00:03:08

Health: 0/35       AC:  8    Str: 17    XL:     4   Next: 75%
Magic:  4/4        EV:  9    Int: 11    God:
Gold:   196        SH: 10    Dex: 12    Spells: 3/3 levels left

rFire   . . .      SeeInvis .   a - +0 long sword
rCold   + . .      Faith    .   c - +0 buckler
rNeg    . . .      Spirit   .   b - +0 scale mail
rPois   .          Reflect  +   (no helmet)
rElec   .          Harm     .   (no cloak)
rCorr   .          Rampage  .   (no gloves)
Will    .....                   p - +1 pair of boots
Stlth   ..........              n - amulet of reflection
HPRegen 0.11/turn               o - ring of protection from cold
MPRegen 0.09/turn               q - ring of wizardry

@: mighty
A: hooves 1, spiny 1
a: no special abilities


You were on level 3 of the Dungeon.
You visited 1 branch of the dungeon, and saw 3 of its levels.

You collected 196 gold pieces.

Inventory:

Hand Weapons
 a - a +0 long sword (weapon)
Missiles
 j - 6 poisoned darts (quivered)
Armour
 b - a +0 scale mail (worn)
 c - a +0 buckler (worn)
 p - a +1 pair of boots (worn)
   (You found it on level 3 of the Dungeon)
Jewellery
 n - an amulet of reflection (around neck)
   (You found it on level 3 of the Dungeon)
 o - a ring of protection from cold (left hand)
   (You found it on level 2 of the Dungeon)
 q - a ring of wizardry (right hand)
   (You found it on level 3 of the Dungeon)
Scrolls
 e - 3 scrolls of identify {unknown}
 i - a scroll of vulnerability {unknown}
 l - a scroll of fog {unknown}
 m - a scroll of teleportation {unknown}
Potions
 f - a potion of invisibility {unknown}
 g - a potion of lignification {unknown}
 h - 2 potions of heal wounds {unknown}
 k - a potion of mutation {unknown}


   Skills:
 + Level 3.2 Fighting
 + Level 3.1 Long Blades
 - Level 2.6 Armour
 + Level 4.1 Shields


You had 3 spell levels left.
You didn't know any spells.
Your spell library contained the following spells:

 Spells                   Type           Power      Damage    Failure   Level
 Ensorcelled Hibernation  Hex/Ice        0%         N/A       65%         2
 Passwall                 Tmut/Erth      0%         N/A       65%         2
 Gell's Gravitas          Tloc           0%         N/A       86%         3
 Spider Form              Tmut/Pois      0%         N/A       86%         3
 Swiftness                Air            0%         N/A       86%         3
 Teleport Other           Tloc           0%         N/A       86%         3
 Anguish                  Hex/Necr       0%         N/A       99%         4
 Dispersal                Tloc           0%         N/A       100%        6


Dungeon Overview and Level Annotations

Branches:
Dungeon (3/15)

Altars:
Kikubaaqudgha
Yredelemnul

Annotations:
D:3 2 transporters, Menkaure


Innate Abilities, Weirdness & Mutations

You have large cloven feet.
You are partially covered in sharp spines.


Message History

You are too injured to fight recklessly!
You are too injured to fight recklessly!
You are too injured to fight recklessly!
You are too injured to fight recklessly!
You are too injured to fight recklessly!
You are too injured to fight recklessly!
You are too injured to fight recklessly!
You are too injured to fight recklessly!
You are too injured to fight recklessly!
Unknown command.
You closely miss the orc priest. You block the orc priest's attack.
You feel very mighty all of a sudden.
The orc priest calls upon Beogh to heal the orc.
The orc's wounds heal themselves!
You hit the orc priest but do no damage.
The orc priest barely misses you.
You hit the orc priest but do no damage.
You block the orc priest's attack.
The orc priest hits you but does no damage.
Unknown command.
You completely miss the orc priest. You block the orc priest's attack.
You barely miss the orc priest.
The orc priest hits you with a +0 morningstar.
Unknown command.
You slash the orc priest!
The orc priest calls down the wrath of Beogh upon you.
Beogh smites you!
* * * LOW HITPOINT WARNING * * *
The orc priest mumbles some strange prayers to Beogh against you.
Beogh smites you!
* * * LOW HITPOINT WARNING * * *
You barely miss the orc priest. The orc priest barely misses you.
You hit the orc priest. The orc priest barely misses you.
Unknown command.
You hit the orc priest.
You kill the orc priest!
You barely miss the orc wizard. You block the orc wizard's attack.
The orc wizard is struck by your spines.
The orc wizard hits you with a +0 dagger.
* * * LOW HITPOINT WARNING * * *
Unknown command.
You barely miss the orc wizard.
The orc wizard hits you with a +0 dagger.
* * * LOW HITPOINT WARNING * * *
You slash the orc wizard! You block the orc wizard's attack.
You closely miss the orc wizard.
The orc wizard hits you but does no damage.
The orc wizard gestures at you while chanting.
The magic dart hits you.
You die...

###........###......##.........
#..........#####.#............
#..........# #..............
#..........# ####..........#
#..........# ###.)......#
#..........#### #.........
##...........o# ##....####
##.....†).###o# ###....# #.
#..........##@######......###.
#..........##.<......#........
#.................#.........##
#...........####...###........
#................©........##..
#..........#############......
#........#.#ZZ........©#..####
#........#.#M......?...#.##
#....†...#.#..##...##..#.#


You could see an orc wizard and an orc.

Vanquished Creatures
  An orc priest (D:3)
  6 adders
  A dart slug (D:2)
  An orc (D:3)
  2 endoplasms (D:2)
  A giant cockroach (D:2)
  4 hobgoblins
  2 quokkas
  4 ball pythons
  2 bats
  3 frilled lizards
  5 goblins
  2 kobolds (D:2)
  4 rats
38 creatures vanquished.

Notes
Turn   | Place    | Note
-------+----------+-------------------------------------------
     0 | D:1      | PartyFoul the Demonspawn Fighter began the quest for the
                  | Orb.
     0 | D:1      | Reached XP level 1. HP: 18/18 MP: 1/1
   402 | D:1      | Found a faded altar of an unknown god.
   931 | D:2      | Gained mutation: You have large cloven feet. [demonic
                  | ancestry]
   931 | D:2      | Reached XP level 2. HP: 13/24 MP: 2/2
  1456 | D:2      | Reached skill level 3 in Shields
  1456 | D:2      | Reached XP level 3. HP: 29/29 MP: 3/3
  2418 | D:3      | Gained mutation: You are partially covered in sharp spines.
                  | [demonic ancestry]
  2418 | D:3      | Reached XP level 4. HP: 26/35 MP: 4/4
  2573 | D:3      | Found a transporter.
  2593 | D:3      | Found a transporter.
  2596 | D:3      | Found an ancient bone altar of Kikubaaqudgha.
  2600 | D:3      | Noticed Menkaure
  2606 | D:3      | Found a basalt altar of Yredelemnul.
  2630 | D:3      | Reached skill level 4 in Shields
  2703 | D:3      | Killed from afar by an orc wizard

Illustrated notes

Levels and vault maps discovered:
D:1:      lightli_arrival_noodles, layout_basic, basic_ecumenical_altar
D:2:      layout_loops_ring, roderic_lattice_a
D:3:      layout_rooms, nicolae_dithmenos_through_a_glass_darkly,
          gammafunk_temple_of_torment

Skill      XL: |  1  2  3  4 |
---------------+-------------+-----
Long Blades    | 2 3 |  3.1
Shields        | 3 4 |  4.1
Fighting       | |  3.2
Armour         | |  2.6

Action                   |  1- 3 |  4- 6 || total
-------------------------+-------+-------++-------
Melee: Long sword        |    95 |    39 ||   134
       Kick              |    12 |       ||    12
  Use: Potion            |       |     1 ||     1
Armor: Scale mail        |    42 |    13 ||    55
Dodge: Dodged            |    40 |    10 ||    50
Block: Buckler           |    18 |    15 ||    33

Table legend: (Time is in decaauts)
 A = Elapsed time spent in this place.
 B = Non-inter-level travel time spent in this place.
 C = Inter-level travel time spent in this place.
 D = Time resting spent in this place.
 E = Time spent auto-exploring this place.
 F = Levels seen in this place.
 G = Mean time per level.
                   A        B        C        D        E       F      G
               +--------+--------+--------+--------+--------+-----+--------+
         Total |   2743 |   2680 |     63 |    684 |   1570 |   3 |  914.3 |
       Dungeon |   2743 |   2680 |     63 |    684 |   1570 |   3 |  914.3 |
               +--------+--------+--------+--------+--------+-----+--------+

Top non-repeatable levels by time:
     D:2: 1559 daAuts
     D:1: 782 daAuts
     D:3: 401 daAuts
